 Dungeon Crawl Stone Soup version 0.31-a0-636-ge1c0e020e0 (webtiles) character file.

Game seed: 7381599625891608232

1019 rvierbuc the Conjurer (level 8, -3/54 HPs)
             Began as a Demonspawn Conjurer on Aug 26, 2023.
             Engulfed by a steam dragon's steam (6 damage)
             ... on level 5 of the Dungeon.
             The game lasted 00:16:03 (5131 turns).

rvierbuc the Conjurer (Demonspawn Conjurer)         Turns: 5131, Time: 00:16:04

Health: -3/54      AC:  4    Str:  7    XL:     8   Next: 2%
Magic:  4/15       EV: 13    Int: 22    God:
Gold:   291        SH:  4    Dex: 12    Spells: 6/16 levels left

rFire   . . .        q - +2 dagger (drain)
rCold   . . .        (no shield)
rNeg    . . .        a - +0 robe
rPois   .            e - +1 helmet
rElec   .            (no cloak)
rCorr   .            (no gloves)
SInv    .            (no boots)
Will    .....        (no amulet)
Stlth   ++           (no ring)
HPRegen 0.29/turn    (no ring)
MPRegen 0.14/turn

%: no passive effects
@: no status effects
A: hooves 1, large bone plates 1, foul stench 1
a: no special abilities


You were on level 5 of the Dungeon.
You visited 1 branch of the dungeon, and saw 5 of its levels.

You collected 291 gold pieces.

Inventory:

Hand Weapons
 q - a +2 dagger of draining (weapon)
Missiles
 h - 3 poisoned darts
Armour
 a - a +0 robe (worn)
 e - a +1 helmet (worn)
 k - a +0 pair of boots
 v - a +0 cloak
Jewellery
 f - a ring of flight
 w - a +4 ring of protection
Scrolls
 c - 6 scrolls of identify {unknown}
 g - a scroll of blinking {unknown}
 m - a scroll of teleportation
 o - a scroll of enchant weapon {unknown}
 r - a scroll of fear {unknown}
 t - a scroll of immolation {unknown}
Potions
 b - a potion of magic
 i - a potion of heal wounds {unknown}
 j - a potion of might {unknown}
 l - a potion of invisibility {unknown}
 n - a potion of cancellation {unknown}
 p - a potion of attraction {unknown}
 s - a potion of enlightenment {unknown}
 u - 2 potions of haste {unknown}


   Skills:
 + Level 1.4 Fighting
 + Level 0.4 Short Blades
 + Level 0.9 Throwing
 + Level 3.4 Dodging
 + Level 3.5 Stealth
 + Level 1.1 Shields
 + Level 0.5 Unarmed Combat
 + Level 4.9 Spellcasting
 + Level 6.7 Conjurations


You had 6 spell levels left.
You knew the following spells:

 Your Spells              Type           Power      Damage    Failure   Level
a - Magic Dart            Conj           100%       1d8       1%          1
b - Searing Ray           Conj           70%        2d7       1%          2
c - Fulminant Prism       Conj/Hex       10%        3d8       26%         4
d - Swiftness             Air            5%         N/A       30%         3

Your spell library contained the following spells:

 Spells                   Type           Power      Damage    Failure   Level
 Dazzling Flash           Conj/Hex       40%        N/A       8%          3
 Ensorcelled Hibernation  Hex/Ice        10%        N/A       16%         2
 Passwall                 Tmut/Erth      4%         N/A       16%         2
 Iskenderun's Mystic Bla  Conj/Tloc      20%        2d6       26%         4
 Anguish                  Hex/Necr       2%         N/A       71%         4
 Cause Fear               Hex            2%         N/A       71%         4
 Enfeeble                 Hex            2%         N/A       100%        7


Dungeon Overview and Level Annotations

Branches:
Dungeon (5/15)
 Temple: D:4-7

Altars:
Cheibriados
Kikubaaqudgha
Ru

Shops:
D:4 *


Innate Abilities, Weirdness & Mutations

You have large cloven feet.
You are partially covered in large bone plates. (SH +4)
You may rarely emit foul miasma when damaged in melee.


Message History

The steam dragon breathes steam at you. The ball of steam hits you!
You can't see any susceptible monsters within range! (Use Z to cast anyway.)
The magic dart hits the steam dragon.
The steam dragon is moderately wounded.
The magic dart hits the steam dragon!
The steam dragon is heavily wounded.
The magic dart hits the steam dragon but does no damage.
The steam dragon is heavily wounded.
The magic dart hits the steam dragon.
The steam dragon is heavily wounded.
The steam dragon breathes steam at you. The ball of steam misses you.
Casting: Magic Dart (safe; 1% risk of failure)
Confirm with . or Enter, or press ? or * to list all spells.
Aiming: Searing Ray (safe; 1% risk of failure)
Press: ? - help, Shift-Dir - straight line (Press . to maintain the ray.)
You are engulfed in a cloud of scalding steam.
The searing ray misses the steam dragon.
You are engulfed in a cloud of scalding steam.
The searing ray misses the steam dragon.
You are engulfed in a cloud of scalding steam.
The steam dragon bites you. The steam dragon closely misses you.
The searing ray hits the steam dragon.
The steam dragon is severely wounded.
You finish channelling your searing ray.
You are engulfed in a cloud of scalding steam.
The steam dragon breathes steam at you. The ball of steam hits you!!
* * * LOW HITPOINT WARNING * * *
Casting: Searing Ray (safe; 1% risk of failure)
Confirm with . or Enter, or press ? or * to list all spells.
Aiming: Searing Ray (safe; 1% risk of failure)
Press: ? - help, Shift-Dir - straight line The searing ray hits the steam dragon.
The steam dragon is almost dead. (Press . to maintain the ray.)
You are engulfed in a cloud of scalding steam.
You die...

#...# #.####
#.### ..# #.#
.## #.# # #.#
#. #.#
#####.####.#
........§(.##
###§§@D§..#
#######.....D.
#######


You could see a steam dragon (catching breath).

Vanquished Creatures
  Grinder (D:5)
  Prince Ribbit (D:5)
  A black bear (D:4)
  An ogre (D:4)
  2 scorpions
  A hound (D:4)
  A jelly (D:4)
  2 orc priests (D:3)
  A gnoll bouda (D:5)
  10 gnolls
  An adder (D:2)
  3 worms
  2 dart slugs (D:4)
  6 orcs
  9 endoplasms
  3 giant cockroaches (D:1)
  8 goblins
  8 hobgoblins
  6 jackals
  5 kobolds
  5 quokkas
  5 ball pythons
  5 bats
  4 frilled lizards
  5 rats
96 creatures vanquished.

Notes
Turn   | Place    | Note
-------+----------+-------------------------------------------
     0 | D:1      | rvierbuc the Demonspawn Conjurer began the quest for the
                  | Orb.
     0 | D:1      | Reached XP level 1. HP: 13/13 MP: 3/3
   335 | D:1      | Gained mutation: You are partially covered in large bone
                  | plates. (SH +4) [demonic ancestry]
   335 | D:1      | Reached XP level 2. HP: 19/19 MP: 1/5
  1031 | D:1      | Gained mutation: You have large cloven feet. [demonic
                  | ancestry]
  1031 | D:1      | Reached XP level 3. HP: 24/24 MP: 3/6
  1663 | D:1      | Learned a level 2 spell: Searing Ray
  1879 | D:2      | Found a faded altar of an unknown god.
  2067 | D:2      | Reached XP level 4. HP: 30/30 MP: 5/7
  2512 | D:3      | Found a sacrificial altar of Ru.
  2781 | D:3      | Reached skill level 5 in Conjurations
  2899 | D:3      | Found an ancient bone altar of Kikubaaqudgha.
  2999 | D:3      | Reached XP level 5. HP: 22/35 MP: 0/9
  3694 | D:4      | Learned a level 4 spell: Fulminant Prism
  3792 | D:4      | Noticed an ogre
  3796 | D:4      | Killed an ogre
  3797 | D:4      | Gained mutation: You may rarely emit foul miasma when
                  | damaged in melee. [demonic ancestry]
  3797 | D:4      | Reached XP level 6. HP: 42/42 MP: 5/11
  4085 | D:5      | Entered Level 5 of the Dungeon
  4312 | D:4      | Found Xaeph's Assorted Antiques.
  4388 | D:4      | Reached skill level 1 in Fighting
  4388 | D:4      | Reached skill level 6 in Conjurations
  4388 | D:4      | Reached XP level 7. HP: 48/48 MP: 7/13
  4595 | D:5      | Noticed Grinder
  4598 | D:5      | Noticed Prince Ribbit
  4611 | D:5      | Paralysed by Grinder for 5 turns
  4632 | D:5      | Paralysed by Grinder for 3 turns
  4816 | D:5      | Found a snail-covered altar of Cheibriados.
  4920 | D:4      | Learned a level 3 spell: Swiftness
  4928 | D:5      | Killed Grinder
  4929 | D:5      | Reached skill level 1 in Shields
  4971 | D:5      | Killed Prince Ribbit
  5052 | D:5      | Reached XP level 8. HP: 54/54 MP: 8/15
  5131 | D:5      | Engulfed by a steam dragon's steam

Illustrated notes

Levels and vault maps discovered:
D:1:      dpeg_arrival_arbitrary_b, layout_loops_ring, minmay_cupped
D:2:      layout_basic, basic_ecumenical_altar, chequers_mini_garden,
          minmay_misc_feat_four_crosses, kennysheep_generic_room_15
D:3:      layout_rooms, kiku_gazebo_garden_becter,
          mainiacjoe_overflow_catwalk_spiral, mrwooster_statue_mirror,
          grunt_ministairs_11, corexii_item_surrounded_by_moat
D:4:      layout_rooms, mainiacjoe_overflow_cross_hatched, serial_shops,
          nicolae_shop_pleasant_corner_grove
D:5:      layout_loops_ring, nicolae_overflow_crystal_walls,
          uniq_prince_ribbit1, uniq_grinder

Skill      XL: |  1  2  3  4  5  6  7 |
---------------+----------------------+-----
Stealth        | 2 3 |  3.5
Dodging        | 2 3 |  3.4
Conjurations   | 5 6 |  6.7
Spellcasting   | 3 4 |  4.9
Fighting       | 1 |  1.4
Shields        | 1 |  1.1
Short Blades   | |  0.4
Throwing       | |  0.9
Unarmed Combat | |  0.5

Action                     |  1- 3 |  4- 6 |  7- 9 || total
---------------------------+-------+-------+-------++-------
  Melee: Unarmed           |    45 |       |       ||    45
         Dagger            |       |     8 |    10 ||    18
         Kick              |       |     2 |     3 ||     5
  Throw: Dart              |     6 |       |       ||     6
   Cast: Magic Dart        |   114 |    89 |    32 ||   235
         Searing Ray       |     1 |    15 |     9 ||    25
    Use: Potion            |     1 |       |     1 ||     2
         Scroll            |       |     2 |       ||     2
 Armour: Skin              |     4 |       |     5 ||     9
         Robe              |     7 |     8 |     1 ||    16
  Dodge: Dodged            |    38 |    24 |     9 ||    71
  Block: Other             |     2 |     8 |     2 ||    12

Table legend: (Time is in decaauts)
 A = Elapsed time spent in this place.
 B = Non-inter-level travel time spent in this place.
 C = Inter-level travel time spent in this place.
 D = Time resting spent in this place.
 E = Time spent auto-exploring this place.
 F = Levels seen in this place.
 G = Mean time per level.
                   A        B        C        D        E       F      G
               +--------+--------+--------+--------+--------+-----+--------+
         Total |   5138 |   5026 |    112 |    935 |   3209 |   5 | 1027.6 |
       Dungeon |   5138 |   5026 |    112 |    935 |   3209 |   5 | 1027.6 |
               +--------+--------+--------+--------+--------+-----+--------+

Top non-repeatable levels by time:
     D:1: 1474 daAuts
     D:3: 1209 daAuts
     D:4: 1094 daAuts
     D:2: 916 daAuts
     D:5: 443 daAuts
